Cogmind - Beta 16.1 @@@ ROGUE MODE // 2026.04.13 @ 23:57:12 Player: SovietPaperclip Result: Destroyed by 2R-MRJ(E) with Gauss Rifle Performance ------------- Evolutions (2) 1000 Regions Visited (8) 1600 Robots Destroyed (112) 560 Value Destroyed (3699) 3699 Prototype IDs (27) 540 Alien Tech Used (0) 0 Bonus (481) 481 TOTAL SCORE: 7880 Bonus ------- High Alert Combat Kills 13 Follower Combat Kills 168 Aligned with FarCom 300 Cogmind --------- Core Integrity 0/550 Matter 195/300 Energy 362/800 System Corruption 1% Temperature Cool (0) Movement Treading (490) Ox4 Location -8/Scraptown Parts ------- > --- POWER (1) -------- Hybrid Deuterium Engine > --- PROPULSION (3) --- Armored Treads > --- UTILITY (4) ------ Huge Storage Unit Enhanced Optical Array > --- WEAPON (3) ------- Mini Grenade Launcher > --- INVENTORY (25) --- Flying Fortress v7 High-capacity Matter Pod (200) Machine Analyzer Improved Sensor Array Tractor Beam Improved Assault Rifle Improved Assault Rifle Siege Cannon Peak State ------------ > --- POWER ------------ Improved Deuterium Engine > --- PROPULSION ------- Tri-treads > --- UTILITY ---------- Huge Storage Unit Enhanced Optical Array Improved Core Shielding Hardened Medium Armor Plating > --- WEAPON ----------- AWS/Autocannon > --- INVENTORY -------- Improved Deuterium Engine Hybrid Deuterium Engine Armored Treads Armored Treads Armored Treads Flying Fortress v7 High-capacity Matter Pod Machine Analyzer Improved Sensor Array Hardened Medium Armor Plating Tractor Beam Improved Assault Rifle Improved Assault Rifle Siege Cannon Advanced EMP Blaster Mini Grenade Launcher [Rating: 75] Favorites ----------- Power Improved Deuterium Engine Engine Improved Deuterium Engine Propulsion Armored Treads Treads Armored Treads Leg Carbon-fiber Leg Wheel Wheel Flight Unit Improved VTOL Module Utility Huge Storage Unit Device Improved Sensor Array Storage Huge Storage Unit Processor Improved Signal Interpreter Hackware System Shield Protection Hardened Medium Armor Plating Weapon Improved Assault Rifle Energy Cannon Heavy Particle Cannon Ballistic Gun Improved Assault Rifle Ballistic Cannon Improved Light Cannon Launcher Advanced EMP Blaster Special Weapon CPS Tube Slashing Weapon Katana Build | -11 -10 -10 -10 -9 -8 -8 -8 -8 ------- Run | Yrd Mat Min Exi Min Mat Sto Rec Scr Slots Evolved 4 | . . . . . 4 . . . Power . | . . . . . . . . . Propulsion 1 | . . . . . 1 . . . Utility 2 | . . . . . 2 . . . Weapon 1 | . . . . . 1 . . . Parts Attached 66 | 6 5 3 1 . 24 15 1 11 Power 6 | 1 1 . . . 2 . . 2 Engine 6 | 1 1 . . . 2 . . 2 Core . | . . . . . . . . . Reactor . | . . . . . . . . . Propulsion 23 | 2 . 2 . . 8 7 1 3 Treads 14 | 2 . 2 . . 1 6 . 3 Leg 6 | . . . . . 6 . . . Wheel 1 | . . . . . 1 . . . Hover . | . . . . . . . . . Flight 2 | . . . . . . 1 1 . Utility 17 | 2 1 . 1 . 7 2 . 4 Device 6 | 1 . . 1 . 3 1 . . Storage 3 | 1 1 . . . 1 . . . Processor 2 | . . . . . 1 . . 1 Hackware 1 | . . . . . 1 . . . Protection 5 | . . . . . 1 1 . 3 Artifact . | . . . . . . . . . Weapon 20 | 1 3 1 . . 7 6 . 2 Energy Gun . | . . . . . . . . . Energy Cannon 2 | . . . . . . 2 . . Ballistic Gun 11 | 1 3 1 . . 3 3 . . Ballistic Cannon 3 | . . . . . 3 . . . Launcher 2 | . . . . . . 1 . 1 Special Weapon 1 | . . . . . . . . 1 Impact Weapon . | . . . . . . . . . Slashing Weapon 1 | . . . . . 1 . . . Piercing Weapon . | . . . . . . . . . Special Melee Weapon . | . . . . . . . . . Unidentified Prototypes 4 | . . . . . . 4 . . Parts Lost 31 | . 1 4 . . 14 2 . 10 Power 4 | . 1 . . . 1 . . 2 Propulsion 11 | . . 2 . . 5 1 . 3 Utility 7 | . . 1 . . 2 . . 4 Weapon 9 | . . 1 . . 6 1 . 1 Highest Loss Streak 10 | . 1 4 . . 5 2 . 10 To Critical Strikes . | . . . . . . . . . Average Backups 14 | . 6 8 10 10 11 18 18 18 Power 1 | . . . . . 1 2 2 1 Propulsion 3 | . . . 1 1 1 3 4 4 Utility 5 | . 1 2 3 3 4 7 7 7 Weapon 4 | . 3 5 5 6 4 4 5 3 Tool/Special . | . . . . . . . . . Unused Backups 23 | . . . 1 . 4 10 . 8 Power 2 | . . . . . 2 . . . Propulsion 6 | . . . 1 . . 2 . 3 Utility 10 | . . . . . 2 5 . 3 Weapon 5 | . . . . . . 3 . 2 Tool/Special . | . . . . . . . . . Average Slot Usage (%) 93 | . 96 76 91 100 86 91 100 98 Engine 9 | . 13 14 14 14 8 9 9 9 Treads 21 | . 27 17 28 28 2 22 27 26 Leg 3 | . . . . . 20 . . . Device 3 | . 14 1 6 14 6 5 . . Storage 10 | . 14 14 14 14 9 9 9 9 Processor 6 | . . . . . 3 9 9 9 Hackware 4 | . . . . . 6 9 9 1 Protection 7 | . . . . . 5 3 9 16 Ballistic Gun 22 | . 26 28 28 28 16 15 27 25 Ballistic Cannon 1 | . . . . . 6 . . . Peak Build Rating 75 | 6 10 10 18 18 38 44 43 75 Average Rating 33 | 5 9 8 13 18 31 37 42 45 On Entrance 19 | . 6 10 10 18 18 31 43 43 Avg Prop Armor Cover (%) 16 | . . . . . 9 18 . . Naked Turns . | . . . . . . . . . Heaviest Build 160 | 10 30 30 30 30 108 107 107 160 Greatest Support 60 | 40 40 40 40 40 40 60 60 60 Greatest Overweight (x) 10 | 1 1 1 . . 10 10 1 4 Average Overweight (x) 1 | . . . . . 1 2 1 1 Largest Inventory Capacity 25 | 8 15 15 15 15 25 25 25 25 Average Capacity 21 | 7 8 15 15 15 17 25 25 25 Most Carried 25 | 2 8 10 15 15 22 25 25 25 Average Carried 19 | . 6 8 12 15 16 23 23 23 Final Capacity 25 | 8 15 15 15 15 25 25 25 25 Final Carried 25 | 2 8 10 15 15 22 24 25 13 Class Distribution -------------------- 39% | Commander-Tank 27% | Mutant 10% | Tank 9% | Skirmisher 9% | Scavenger-Skirmisher Dominant Class ---------------- Mutant | -10/Materials Mutant | -10/Mines Mutant | -10/Exiles Skirmisher | -9/Mines Scavenger-Skirmisher | -8/Materials Tank | -8/Storage Commander-Tank | -8/Recycling Commander-Tank | -8/Scraptown Resources | -11 -10 -10 -10 -9 -8 -8 -8 -8 ----------- Run | Yrd Mat Min Exi Min Mat Sto Rec Scr Matter Collected 2019 | 279 244 179 . 10 716 413 128 50 Remotely 196 | . . . . . 196 . . . Salvage Created 4878 | 138 450 55 . . 1649 363 470 1753 Parts 246 | 6 28 4 . . 81 15 19 93 Haulers Intercepted 2 | . . . . . . 2 . . Recyclers Shooed 1 | . . . . . 1 . . . Parts Field Recycled . | . . . . . . . . . Retrieved Matter . | . . . . . . . . . Parts Self-Destructed . | . . . . . . . . . Prevented . | . . . . . . . . . Parts Restored . | . . . . . . . . . Kills | -11 -10 -10 -10 -9 -8 -8 -8 -8 ------- Run | Yrd Mat Min Exi Min Mat Sto Rec Scr Combat Hostiles Destroyed 87 | . 13 3 . . 33 3 5 30 Melee 2 | . . . . . 2 . . . Guns 38 | . 13 3 . . 14 3 5 . Cannons 39 | . . . . . 16 . . 23 AOE 7 | . . . . . . . . 7 Classes Destroyed 23 | 2 3 . . . 7 1 1 9 Worker 4 | . . . . . 3 1 . . Builder 1 | . . . . . 1 . . . Tunneler 3 | 3 . . . . . . . . Hauler 2 | . . . . . . 2 . . Recycler 8 | 1 . . . . 3 1 3 . Mechanic 1 | . . . . . 1 . . . Operator 5 | . 2 . . . 2 1 . . Swarmer 12 | . 5 3 . . 4 . . . Grunt 31 | . 8 . . . 21 2 . . Brawler 1 | . . . . . 1 . . . Duelist 3 | . . . . . 2 . . 1 Sentry 8 | . . . . . 4 1 3 . Hunter 2 | . . . . . 1 . . 1 Programmer 2 | . . . . . . . 2 . Bolteater 4 | . . . . . . . . 4 Federalist 1 | . . . . . . . . 1 Explorer 3 | . . . . . . . . 3 Ranger 1 | . . . . . . . . 1 Guru 2 | . . . . . . . . 2 Scrapper 10 | . . . . . . . . 10 Elite 3 | . . . . . . . . 3 Tinkerer 1 | . . . . . . . . 1 Thug 3 | . . . . . . . . 3 Mutant 1 | . . . . . . . . 1 Best Kill Streak 31 | 2 4 3 . . 11 1 3 31 Combat Bots Only 30 | . 3 3 . . 10 1 3 30 Max Kills in Single Turn 3 | 1 1 1 . . 2 1 1 3 Gunslinging . | . . . . . . . . . Exploded 3 | . . . . . . . . 3 Melee 1 | . . . . . 1 . . . Uniques/NPCs Destroyed 1 | . . . . . . . . 1 Triborg (-8/Scraptown) Combat | -11 -10 -10 -10 -9 -8 -8 -8 -8 -------- Run | Yrd Mat Min Exi Min Mat Sto Rec Scr Hostile Shots Fired 616 | . 59 23 . . 215 10 16 293 Missed 191 | . 17 6 . . 68 1 2 97 Hits 425 | . 42 17 . . 147 9 14 196 Melee 10 | . . . . . 9 1 . . Projectile 415 | . 42 17 . . 138 8 14 196 Critical Strikes 26 | . 1 . . . 6 . 1 18 Actively Blocked 1 | . . . . . . . . 1 Damage Taken 7151 | . 481 155 . . 2275 303 260 3677 Core 681 | . 81 37 . . 264 26 18 255 Absorbed by Shields 10 | . . . . . . . 7 3 Reduced by Siege Mode 10 | . . . . . . . . 10 Redirected to Shielding 77 | . . . . . . . . 77 Core Remaining (%) 76 | 100 . . . 52 . . . . Volleys Fired 193 | 19 39 7 . . 89 21 12 6 Largest 3 | 1 2 2 . . 3 3 3 1 Hottest 79 | 20 46 46 . . 79 75 69 36 Shots Fired 460 | 19 75 14 . . 216 41 36 59 Gun 335 | 19 75 14 . . 156 35 36 . Cannon 119 | . . . . . 60 6 . 53 Launcher 5 | . . . . . . . . 5 Special 1 | . . . . . . . . 1 Kinetic 448 | 19 75 14 . . 216 35 36 53 Thermal 6 | . . . . . . 6 . . Explosive 3 | . . . . . . . . 3 Electromagnetic 2 | . . . . . . . . 2 Robot Hit Streak 19 | 8 11 2 . . 19 10 16 16 Robot Miss Streak 7 | 1 3 7 . . 6 1 2 2 Penetration Max . | . . . . . . . . . Secondary Targets 8 | . 5 . . . 2 . 1 . Max Gunslinging Chain 1 | . 1 . . . 1 . 1 . Autonomous 64 | . . . . . 11 . . 53 Shots Hit Robots 323 | 16 50 4 . . 149 27 25 52 Core Hits 155 | 8 21 3 . . 66 11 12 34 Critical Kills 2 | . . . . . 1 1 . . Critical Parts Destroyed 1 | . . . . . 1 . . . Critical Strikes 11 | . . . . . 3 1 . 7 Destroy 3 | . . . . . 2 1 . . Blast 8 | . . . . . 1 . . 7 Melee Attacks 14 | . . . . . 14 . . . Impact . | . . . . . . . . . Slashing 14 | . . . . . 14 . . . Piercing . | . . . . . . . . . Sneak Attacks 1 | . . . . . 1 . . . Combat Hostiles . | . . . . . . . . . Follow-up Attacks . | . . . . . . . . . Damage Inflicted 10117 | 135 753 63 . . 3485 446 427 4808 Guns 3344 | 135 753 63 . . 1620 346 427 . Cannons 5865 | . . . . . 1692 100 . 4073 Explosions 735 | . . . . . . . . 735 Melee 173 | . . . . . 173 . . . Ramming . | . . . . . . . . . Kinetic 9109 | 135 753 63 . . 3312 346 427 4073 Thermal 240 | . . . . . . 100 . 140 Explosive 338 | . . . . . . . . 338 Electromagnetic 257 | . . . . . . . . 257 Impact . | . . . . . . . . . Slashing 173 | . . . . . 173 . . . Piercing . | . . . . . . . . . Highest Corruption 1 | . . . . . . . . 1 Average Corruption 1 | . . . . . . . . 1 Corruption Purged . | . . . . . . . . . Corruption Blocked . | . . . . . . . . . Effects 1 | . . . . . . . . 1 Heat Flow Errors 1 | . . . . . . . . 1 Overload Shots . | . . . . . . . . . Overflow Damage 665 | . . . . . 101 . . 564 Projectiles 612 | . . . . . 50 . . 562 Explosions 2 | . . . . . . . . 2 Melee 51 | . . . . . 51 . . . Knockbacks 29 | . . . . . 12 . . 17 Impact . | . . . . . . . . . Kinetic 26 | . . . . . 11 . . 15 Secondary 3 | . . . . . 1 . . 2 Self-Inflicted Damage . | . . . . . . . . . Shots . | . . . . . . . . . Rammed . | . . . . . . . . . Targets Rammed . | . . . . . . . . . Kicked . | . . . . . . . . . Crushed . | . . . . . . . . . Highest Temperature 409 | . 17 . . . 235 78 60 409 Average Temperature 93 | . 2 . . . 111 18 17 177 Received Heat Transfer 2578 | . 207 . . . 990 78 45 1258 Effects 4 | . . . . . 3 . . 1 Interference 3 | . . . . . 3 . . . Damage (minor) 1 | . . . . . . . . 1 Siege Activations 1 | . . . . . . . . 1 Total Turns 1 | . . . . . . . . 1 Longest Duration 1 | . . . . . . . . 1 Martial Activations . | . . . . . . . . . Shielding Activations . | . . . . . . . . . Robots Disrupted . | . . . . . . . . . Combat Hostiles . | . . . . . . . . . Robots Corrupted . | . . . . . . . . . Combat Hostiles . | . . . . . . . . . Parts Fried . | . . . . . . . . . Impact Corruptions . | . . . . . . . . . Robots Melted . | . . . . . . . . . Combat Hostiles . | . . . . . . . . . Parts Melted 5 | . . . . . . . . 5 Heat Transferred 322 | . . . . . . 148 . 174 Parts Sabotaged . | . . . . . . . . . Parts Stolen . | . . . . . . . . . Parts Stripped . | . . . . . . . . . Power Chain Reactions 2 | . . . . . . . . 2 Alert | -11 -10 -10 -10 -9 -8 -8 -8 -8 ------- Run | Yrd Mat Min Exi Min Mat Sto Rec Scr Maximum Alert Level 2 | . . . . . 2 . . . Low Security (%) 80 | 100 100 100 . 100 20 100 100 . Level 1 18 | . . . . . 76 . . . Level 2 . | . . . . . 3 . . . Level 3 . | . . . . . . . . . Level 4 . | . . . . . . . . . Level 5 . | . . . . . . . . . High Security . | . . . . . . . . . Max Security . | . . . . . . . . . Peak Influence 407 | 10 115 50 . . 407 133 50 . Initial 133 | . . 18 . . . 133 . . Average 79 | 1 50 5 . . 279 19 5 . Influence Increases 1952 | 20 355 70 . . 1168 171 168 . Destroy 0b10 Robot/C 1140 | . 260 60 . . 660 60 100 . Destroy 0b10 Robot/NC 120 | 20 10 . . . 50 25 15 . Destroy Leader 204 | . 50 10 . . 130 14 . . Allied During Kill 28 | . . . . . . . 28 . Successful Hack 58 | . 5 . . . 32 9 12 . Disable Machine 45 | . . . . . 30 15 . . Anti-Garrison Action 150 | . . . . . 150 . . . Destroy Structure 27 | . . . . . 11 3 13 . Partial Spotted 15 | . 15 . . . . . . . Lose Combat Pursuer 165 | . 15 . . . 105 45 . . Influence Decreases 1952 | 20 308 117 . . 852 487 168 . Entered New Map 212 | . . 29 . . . 183 . . Time Decay 1360 | 20 298 68 . . 522 284 168 . Lost Part 190 | . 10 20 . . 140 20 . . Lost Ally 40 | . . . . . 40 . . . Purge Threat 150 | . . . . . 150 . . . Squads Dispatched 13 | . 3 1 . . 7 2 . . Investigation 3 | . 1 1 . . 1 . . . Extermination . | . . . . . . . . . Reinforcement 8 | . 2 . . . 4 2 . . Assault 2 | . . . . . 2 . . . Garrison . | . . . . . . . . . Intercept . | . . . . . . . . . Searches Triggered . | . . . . . . . . . Construction Impeded . | . . . . . . . . . Haulers Reinforced . | . . . . . . . . . Active Scanning Responses . | . . . . . . . . . Cargo Convoy Interrupts . | . . . . . . . . . Stealth | -11 -10 -10 -10 -9 -8 -8 -8 -8 --------- Run | Yrd Mat Min Exi Min Mat Sto Rec Scr Distress Signals 12 | . 1 . . . 5 6 . . Communications Jammed . | . . . . . . . . . Distress Signals . | . . . . . . . . . Times Spotted 153 | . 21 3 . . 59 23 6 41 Peak Tracking Total 24 | . 4 3 . . 9 5 4 24 Tactical Retreats 8 | . 1 . . . 5 2 . . Traps | -11 -10 -10 -10 -9 -8 -8 -8 -8 ------- Run | Yrd Mat Min Exi Min Mat Sto Rec Scr Traps Triggered 7 | . 3 1 . . 2 1 . . Indirectly . | . . . . . . . . . Trap Hack Attempts . | . . . . . . . . . Triggered . | . . . . . . . . . Disarmed 3 | . . . . . . 3 . . Reprogrammed . | . . . . . . . . . Reused . | . . . . . . . . . Traps Extracted . | . . . . . . . . . Installed . | . . . . . . . . . Triggered . | . . . . . . . . . Machines | -11 -10 -10 -10 -9 -8 -8 -8 -8 ---------- Run | Yrd Mat Min Exi Min Mat Sto Rec Scr Machines Disabled 5 | . . . . . 3 1 . 1 Max in Single Turn 1 | . . . . . 1 1 . . Garrison Access 2 | . . . . . 1 1 . . Machines Repaired . | . . . . . . . . . Machines Dismantled . | . . . . . . . . . Machines Sabotaged . | . . . . . . . . . Overloaded Fab Kills . | . . . . . . . . . Hacking | -11 -10 -10 -10 -9 -8 -8 -8 -8 --------- Run | Yrd Mat Min Exi Min Mat Sto Rec Scr Machines Accessed 20 | . 3 2 2 . 3 6 4 . Terminals 15 | . 3 . . . 3 5 4 . Fabricators . | . . . . . . . . . Repair Stations . | . . . . . . . . . Recycling Units . | . . . . . . . . . Scanalyzers . | . . . . . . . . . Garrison Access 1 | . . . . . . 1 . . Total Hacks 53 | . 10 2 5 . 15 15 6 . Successful 27 | . 5 2 5 . 6 6 3 . Failed 26 | . 5 . . . 9 9 3 . Catastrophic 6 | . 1 . . . 3 1 1 . Database Lockouts . | . . . . . . . . . Manual 30 | . 8 . 1 . 13 6 2 . Terminals 45 | . 10 . . . 15 14 6 . Fabricators . | . . . . . . . . . Repair Stations . | . . . . . . . . . Recycling Units . | . . . . . . . . . Scanalyzers . | . . . . . . . . . Garrison Access 1 | . . . . . . 1 . . Terminal Hacks 20 | . 3 2 5 . 4 3 3 . Record 4 | . . . 4 . . . . . Part Schematic 3 | . 1 . . . 1 . 1 . Open Door 2 | . . 2 . . . . . . Branch Access Points 2 | . . . . . 1 1 . . Alert Level 2 | . . . . . 1 . 1 . Unreport Threat 1 | . . . . . 1 . . . Locate Traps 1 | . 1 . . . . . . . Disarm Traps 1 | . . . . . . 1 . . Zone Layout 3 | . 1 . . . . 1 1 . Proto ID Catalog 1 | . . . 1 . . . . . Fabricator Hacks . | . . . . . . . . . Repair Station Hacks . | . . . . . . . . . Recycling Unit Hacks . | . . . . . . . . . Scanalyzer . | . . . . . . . . . Garrison Access Hacks 1 | . . . . . . 1 . . Seal Access 1 | . . . . . . 1 . . Unauthorized Hacks 6 | . 2 . . . 2 2 . . Terminals 6 | . 2 . . . 2 2 . . Botnet 6 | . 2 . . . 2 2 . . Fabricators . | . . . . . . . . . Repair Stations . | . . . . . . . . . Recycling Units . | . . . . . . . . . Scanalyzers . | . . . . . . . . . Garrison Access . | . . . . . . . . . Data Cores Recovered 1 | . . . . . . 1 . . Used . | . . . . . . . . . Hacking Detections 12 | . 3 . . . 3 4 2 . Full Trace Events 1 | . 1 . . . . . . . Feedback Events . | . . . . . . . . . Feedback Blocked . | . . . . . . . . . Robot Schematics Acquired . | . . . . . . . . . Robots Built . | . . . . . . . . . Authchips . | . . . . . . . . . Time . | . . . . . . . . . Total Robot Build Rating . | . . . . . . . . . Part Schematics Acquired 2 | . 1 . . . . . 1 . Parts Built . | . . . . . . . . . Authchips . | . . . . . . . . . Time . | . . . . . . . . . Total Part Build Rating . | . . . . . . . . . Part Studies Acquired . | . . . . . . . . . Parts Repaired . | . . . . . . . . . Time . | . . . . . . . . . Parts Recycled . | . . . . . . . . . Recycled Matter . | . . . . . . . . . Retrieved Matter . | . . . . . . . . . Retrieved Components . | . . . . . . . . . Parts Scanalyzed . | . . . . . . . . . Part Schematics Acquired . | . . . . . . . . . Parts Damaged . | . . . . . . . . . Bothacking | -11 -10 -10 -10 -9 -8 -8 -8 -8 ------------ Run | Yrd Mat Min Exi Min Mat Sto Rec Scr Used RIF Installer . | . . . . . . . . . Robots Hacked . | . . . . . . . . . Non-combat . | . . . . . . . . . Combat . | . . . . . . . . . Robot Hacks Applied . | . . . . . . . . . Relay Couplers Released 3 | . . . . . 3 . . . Machine Destruction 3 | . . . . . 3 . . . Fabnet Peak Effective % . | . . . . . . . . . Robots Rewired 15 | . . . . . . . 15 . Allies Hacked . | . . . . . . . . . Hacks Repelled . | . . . . . . . . . Allies | -11 -10 -10 -10 -9 -8 -8 -8 -8 -------- Run | Yrd Mat Min Exi Min Mat Sto Rec Scr Total Allies 17 | . . . . 2 . . 15 . Largest Group 15 | . . . . 2 2 . 15 13 Highest-Rated Group 347 | . . . . 43 43 . 347 286 Highest-Rated Ally 34 | . . . . 31 31 . 34 34 Total Orders 14 | . . . . . . . . 14 STAY 14 | . . . . . . . . 14 Ally Attacks 45 | . . . . . 5 . 2 38 Total Damage 1005 | . . . . . 62 . 112 831 Kills 5 | . . . . . . . . 5 Allies Corrupted 1 | . . . . . . . 1 . Allies Melted 1 | . . . . . 1 . . . Intel | -11 -10 -10 -10 -9 -8 -8 -8 -8 ------- Run | Yrd Mat Min Exi Min Mat Sto Rec Scr Active Infowar (turns) 2323 | 41 703 58 157 174 151 933 . 106 Optics 106 | . . . . . . . . 106 Sensors 933 | . . . . . . 933 . . Terrain 482 | . . . 157 174 151 . . . Seismic 802 | 41 703 58 . . . . . . Robot Analysis Total . | . . . . . . . . . Derelict Logs Recovered . | . . . . . . . . . Drone Launches . | . . . . . . . . . Drone Recoveries . | . . . . . . . . . Exploration | -11 -10 -10 -10 -9 -8 -8 -8 -8 ------------- Run | Yrd Mat Min Exi Min Mat Sto Rec Scr Turns Passed 8710 | 110 703 597 343 174 1447 1473 1551 2312 Spaces Moved 3206 | 41 328 261 213 108 396 503 493 863 Core 7 | 5 . . . . 2 . . . Treads 2716 | 36 328 261 213 108 34 380 493 863 Legs 342 | . . . . . 342 . . . Wheels 141 | . . . . . 18 123 . . Hover . | . . . . . . . . . Flight . | . . . . . . . . . Fastest Speed 50 | 50 160 160 160 160 120 215 250 250 Average Speed 219 | 147 160 213 160 160 194 238 250 251 Slowest Speed 560 | 160 240 240 160 160 560 320 250 490 Overloaded Moves . | . . . . . . . . . Propulsion Burnouts . | . . . . . . . . . Robots Hopped . | . . . . . . . . . Potential Cave-ins . | . . . . . . . . . Cave-ins Triggered . | . . . . . . . . . Exploration Rate (%) 55 | 4 47 60 59 47 47 93 82 57 Regions Visited 8 Branch Regions 6 Pre-discovered Areas 1 | . . . 1 . . . . . Known Exits Taken 3 | . . . . . 1 1 1 . Unknown Exits Taken 5 | 1 1 1 1 1 . . . . Scrap Searched 7 | . . 1 . 2 . . . 4 Spaces Dug 9 | . . . . . 9 . . . Terrain Destroyed 21 | . . . . . 9 1 . 11 Melee 8 | . . . . . 8 . . . Projectile 3 | . . . . . 1 1 . 1 AOE 10 | . . . . . . . . 10 Terrain Rammed . | . . . . . . . . . Walls Destroyed . | . . . . . . . . . Machines Disabled . | . . . . . . . . . Actions | -11 -10 -10 -10 -9 -8 -8 -8 -8 --------- Run | Yrd Mat Min Exi Min Mat Sto Rec Scr Total 4530 | 72 429 288 216 109 874 746 786 1010 Wait 725 | 5 43 14 . 2 322 170 66 103 Move 3198 | 40 327 260 212 107 395 502 492 863 Hop . | . . . . . . . . . Pick Up 54 | 2 7 4 2 . 15 17 3 4 Fast Attach 33 | 6 6 1 . . 17 2 . 1 Attach 30 | . 1 2 1 . 5 6 . 15 Detach 9 | . . . . . 2 2 . 5 Swap 19 | . 3 . . . 6 8 2 . Drop 44 | . 3 . 1 . 9 16 2 13 Fire 193 | 19 39 7 . . 89 21 12 6 Melee 14 | . . . . . 14 . . . Ram . | . . . . . . . . . Kick . | . . . . . . . . . Crush . | . . . . . . . . . Escape Stasis . | . . . . . . . . . Rewire 211 | . . . . . . 2 209 . Trap . | . . . . . . . . . Miscellaneous . | . . . . . . . . . Route ------- -11/Scrapyard -10/Materials -10/Mines -10/Exiles -9/Mines -8/Materials (discovered 3 exits: [*Fac] / *Sto x2) -8/Storage (discovered 2 exits: [*Fac] / *Rec) -8/Recycling (discovered 2 exits: [*Fac] / *Scr) -8/Scraptown (discovered 1 exit: [*Fac]) History --------- Turn | Location | Event 6 | -11/Scrapyard | Discovered new exit (range 16) 111 | -11/Scrapyard | Entered Materials 306 | -10/Materials | Build established: Mutant 409 | -10/Materials | Discovered new exit (range 14) 814 | -10/Materials | Entered Mines 817 | -10/Mines | Met a Derelict who couldn't figure out how to use a Trap Extractor 898 | -10/Mines | Met a Derelict shopkeep closing up shop 908 | -10/Mines | Lost 4 parts (2n1u1w) 1388 | -10/Mines | YI-UF0 nonchalantly dropped a Grenade Launcher on the ground 1403 | -10/Mines | Deemed a non-threat by the Exiles lab entrance 1405 | -10/Mines | Discovered new exit (range 5) 1411 | -10/Mines | Entered Exiles 1448 | -10/Exiles | Met 8R-AWN 1477 | -10/Exiles | Met EX-HEX 1520 | -10/Exiles | Met EX-BIN 1543 | -10/Exiles | Aligned with FarCom system 1544 | -10/Exiles | Given EX-Vault access code 1581 | -10/Exiles | Opened EX-Vault 1592 | -10/Exiles | Found Flying Fortress v7 1598 | -10/Exiles | Found AWS/Autocannon 1629 | -10/Exiles | Warned to stay clear of 0b10 Research branches 1650 | -10/Exiles | Exiles lab attacked by MAIN.C 1684 | -10/Exiles | Learned location of Zion (-7) 1740 | -10/Exiles | Discovered new exit (range 10) 1754 | -10/Exiles | Stole two prototypes: Flying Fortress v7, AWS/Autocannon 1754 | -10/Exiles | Entered Mines 1902 | -9/Mines | Discovered new exit (range 14) 1928 | -9/Mines | Entered Materials 1928 | -8/Materials | Accompanied by 2 allies 1928 | -8/Materials | Evolved 4 slots: Propulsion x1, Utility x2, Weapon x1 1933 | -8/Materials | Led the pair of lost Derelicts to an unsafe place 2060 | -8/Materials | Build established: Skirmisher 2110 | -8/Materials | Lost 4 parts (1p1n1u1w) 2173 | -8/Materials | Lost 5 parts (2n3w) 2184 | -8/Materials | Destroyed 10 combat bots 2290 | -8/Materials | Identified exit to Storage 2678 | -8/Materials | Build established: Scavenger-Skirmisher 2933 | -8/Materials | Discovered new exit (range 8) 3258 | -8/Materials | Lost 3 parts (2n1w) 3375 | -8/Materials | Entered Storage 3377 | -8/Storage | FarCom data flow suspended 3415 | -8/Storage | Met 01-MTF 3662 | -8/Storage | Build established: Mutant 4161 | -8/Storage | Build established: Skirmisher 4394 | -8/Storage | Discovered new exit (range 15) 4457 | -8/Storage | Identified exit to Recycling 4633 | -8/Storage | Build established: Tank 4662 | -8/Storage | Core integrity fell below 50% 4848 | -8/Storage | Entered Recycling 4848 | -8/Recycling | Accompanied by 1 ally (01-MTF) 5354 | -8/Recycling | Discovered new exit (range 10) 5427 | -8/Recycling | Build established: Commander-Tank 6197 | -8/Recycling | Scanned before Scraplab entrance 6337 | -8/Recycling | Entered Scraplab 6377 | -8/Recycling | Discovered new exit (range 3) 6380 | -8/Recycling | Identified exit to Scraptown 6399 | -8/Recycling | Entered Scraptown 6399 | -8/Scraptown | Accompanied by 13 allies 6946 | -8/Scraptown | Visited Cyclists 6981 | -8/Scraptown | Visited Spacefarers 7034 | -8/Scraptown | Visited Cave Peace 7056 | -8/Scraptown | Visited Shadow of the Wyrm 7086 | -8/Scraptown | Visited IN-MT5's Study 7682 | -8/Scraptown | Discovered new exit (range 5) 7880 | -8/Scraptown | Visited Comm Corps 7962 | -8/Scraptown | Visited Awakened 8587 | -8/Scraptown | Attached CPS modules to Triborg. 8588 | -8/Scraptown | Attacked by Scraptown defenders 8600 | -8/Scraptown | Destroyed Triborg 8617 | -8/Scraptown | Found Prototype Ballistic Cannon 8642 | -8/Scraptown | Lost 10 allies 8644 | -8/Scraptown | Found Tri-treads 8671 | -8/Scraptown | Core integrity fell below 20% 8711 | -8/Scraptown | Destroyed by 2R-MRJ(E) with Gauss Rifle Last Messages --------------- 08699_ Critical hit (Burn: +50). 08699_ Q2-MQC(j) knocked back. 08701_ Penetrated by Slug. 08701_ Critical hit (Destroy). 08701_ UL-I6X(E) destroyed. 08702_ Dropped AWS/Autocannon. 08703_ Critical hit (Destroy). 08703_ Penetrated by Slug. 08703_ Q2-MQC(j) destroyed. 08703_ 9D-ZLM(j) destroyed. 08704_ Imp. Core Shielding destroyed. 08705_ Hrd. Medium Armor Plating destroyed. 08705_ Arm. Treads destroyed. 08705_ 8K-55Z(j) destroyed. 08705_ Mak. Microdissipator Network melted. 08705_ E1-0UH(j) destroyed. 08705_ QO-MB3(j) destroyed. 08706_ Penetrated by Slug. 08706_ Arm. Treads destroyed. 08708_ Penetrated by Slug. Map ----- +----------------------------------------------------+ | ##### #" "# #" "##" """ "#????????????????? | | #" "#""" # "##" """ "#????????????????? | | #" ######" "##" ??????????????????? | | ##### #" "##" ????????????????????? | | ???# # ##" ??????????????????????? | | ??### ########## ##### ##########??????????????? | | #?# #??????????????? | | " # #??????????????? | | # #??????????????? | | % #??????????????? | | # %! #??????????????? | | # #################E!E #??????????????? | | ?# #??????????????? EE! #??????????????? | | ?# #??????????????? %=[ #??????????????? | | ??# #??????????????? % #??????????????? | | ??# #??????????????? =! #??????????????? | | ??# #??????????????? %%= #??????????????? | | ??# #??????????????? !* ###????????????? | | ??# ###?#####??????? %*/ *=""#"#??????????? | | ??# ## # # #??????## * % [!%""""#??????????? | | #?# ## " " ##?????#; ! != "###??????????? | | # #" "#?????#; % ###???????? ? | | # # #?????#; //%! #########" ? | | # #??????# !/[= =%= EE ??? | | # # #??????#] ==%!! *%! gE ??? | | # # ??????##@ !*!!![!=[!"??????????? | | ?# #? ??????###!===%!%%! [%| "??????????? | | ?# #### #########![!![==%!% *=[= "??????????? | | ??# =%*%= %![%!%!%!! * "??????????? | | ??# /=!=][==%*=!!*! %%! "??????????? | | ??# !!%%!%!![[! =[%!= % % "??????????? | | ??# = =%| ! % "??????????? | | ### ![ ==[ "??????????? | | %%= = #"??????????? | | * /% ;"??????????? | | % #"??????????? | | ###### ############# ########## ####???????????? | | #??? ????????# #??# %!#??????????????? | | #??# ??????#" """#??# % #??????????????? | | #??# " #?????#"k " #??# #??????????????? | | #??# """ #?????#"" " #??# #??????????????? | | #??# """"" #?????#""" " #??# ! #??????????????? | | #??# ""X"" #?????#"" " #??#!%=#??????????????? | | #??# "" "? #?????#" "###??# %*#??????????????? | | #??# ???#?????#" " "????# #??????????????? | | #??###?#?????????#"""""""#????# #??????????????? | | #????????????????#########????# #??????????????? | | #?????????????????????????????# #??????????????? | | #?????????????????????######### #??????????????? | | #?????????????????????""""""""" #??????????????? | +----------------------------------------------------+ Best States ------------- Heat Dissipation 45 Energy Generation 18 Energy Capacity 800 Matter Stores 300 Matter Capacity 300 Sight Range 22 Robot Scan Range 15 Terrain Scan Range 16 Terrain Scan Density 10 Armor Coverage 225 Core Shielding 30 Evasion (%) 55 Recoil Reduction 3 Defensive Hacking 10 Item Schematics ----------------- Huge Storage Unit | -10/Materials | Hacked Imp. Sensor Array | -8/Recycling | Hacked Robot Schematics ------------------ None Fabricated ------------ Nothing Repaired ---------- Nothing Studied --------- None Alien Tech Used ----------------- None Achievements -------------- Bumper Bots Drive-By Frienemies Immobile And Lovin' It Morally Flexible Overwhelming Plot Armor Spot Them First That Tickles There's More Where That Came From Throw Away The Key Challenges ------------ None Game ------ Seed WeightContainmentTelecube Manual? 0 Play Time 01:08:14 Cumulative 161.6 hours Start 2026.04.12 @ 10:39:12 End 2026.04.13 @ 23:57:12 Sessions 11 Manual Loads 0 Difficulty Rogue Special Mode None Game No. 248 Rogue 248 Adventurer 0 Explorer 0 Win Type - Total 1 Types 1/0/0/0/0/0/0/0/0/0 Lore% 57 Gallery% 51 Achievement% 33 Wizard Run 0 Options --------- Layout 1 ASCII 0 Keyboard 0 Movement Numpad Keybinds 0 Fullscreen 2 Font 32/SmallcapsGlow Map View 77x35 Zoom Use 0% Tactical HUD 1 Map Filters NONE Filters NONE Steam 1 RUN: 87fed82f-956a-4c36-8c41-391fff8d2156